 Dungeon Crawl Stone Soup version 0.28-a0-863-g8cecda6153 (webtiles) character file.

Game seed: 629828256595578294

68 cheechan the Bolt Thrower (level 4, -2/30 HPs)
             Began as an Octopode Hunter on Nov 16, 2021.
             Slain by an orc priest (5 damage)
             ... on level 2 of the Dungeon.
             The game lasted 00:05:25 (1383 turns).

cheechan the Bolt Thrower (Octopode Hunter)         Turns: 1383, Time: 00:05:25

Health: -2/30      AC:  0    Str: 11    XL:     4   Next: 19%
Magic:  4/4        EV: 14    Int: 13    God:
Gold:   60         SH:  0    Dex: 13    Spells: 3/3 levels left

rFire   . . .      SeeInvis .   (weapon currently unavailable)
rCold   . . .      Faith    .   (shield currently unavailable)
rNeg    . . .      Spirit   .   (helmet currently unavailable)
rPois   .          Reflect  .   (no amulet)
rElec   .          Harm     .   (ring currently unavailable)
rCorr   .          Rampage  .   (ring currently unavailable)
Will    .....                   (ring currently unavailable)
Stlth   ++........              (ring currently unavailable)
HPRegen 0.10/turn               (ring currently unavailable)
MPRegen 0.09/turn               (ring currently unavailable)
                                (ring currently unavailable)
                                (ring currently unavailable)

@: pig-form, very quick
A: fast, no casting, almost no armour, (amphibious), (8 rings), small,
(camouflage 1), (gelatinous body 1), (nimble swimmer 1), (tentacles)
a: no special abilities


You were on level 2 of the Dungeon.
You were a filthy swine.
You visited 1 branch of the dungeon, and saw 2 of its levels.

You collected 60 gold pieces.

Inventory:

Hand Weapons
 a - a +1 hand crossbow (melded)
 b - a +0 short sword
 g - a +0 hunting sling
Missiles
 c - 2 bolts
Scrolls
 f - a scroll of blinking {unknown}
Potions
 d - 2 potions of mutation {unknown}
 e - a potion of curing {unknown}
 h - a potion of attraction {unknown}


   Skills:
 + Level 2.4 Fighting
 + Level 5.3 Crossbows
 + Level 2.0 Dodging
 + Level 1.8 Stealth


You had 3 spell levels left.
You didn't know any spells.
Your spell library contained the following spells:

 Spells                   Type           Power      Damage    Failure   Level
 Summon Small Mammal      Summ           0%         N/A       30%         1
 Call Canine Familiar     Summ           0%         N/A       67%         3
 Summon Guardian Golem    Hex/Summ       0%         N/A       67%         3


Dungeon Overview and Level Annotations

Branches:
Dungeon (2/15)

Altars:

Shops:
D:1 (


Innate Abilities, Weirdness & Mutations

You are a filthy swine.
You move quickly.
Your equipment is almost entirely melded.
You are incapable of wielding weapons or throwing items.
You cannot cast spells.
You cannot wear most types of armour.
((You are amphibious.))
((You can wear up to eight rings at the same time.))
((Your skin changes colour to match your surroundings (Stealth+).))
((Your rubbery body absorbs attacks. (AC +1, EV +1)))
((You are camouflaged near water. (Stealth+)))
((You have tentacles for arms and can constrict up to eight enemies at once.))


Message History

The orc priest is severely wounded.
Unknown command.
You clumsily bash the orc priest but do no damage.
Your grab misses the orc priest.
The orc priest is severely wounded.
The orc priest hits you with a +0 short sword.
The orc priest zaps a wand.
You resist with some effort.
Fire: 6 bolts
Press: ? - help, Shift-Dir - straight line, f/p - orc priest
Aim: an orc priest, wielding a +0 short sword, wearing a +0 leather armour and carrying a wand of polymorph (4) (severely wounded, 65% to hit)
You shoot a bolt. The bolt closely misses the orc priest.
The orc priest hits you with a +0 short sword.
* * * LOW HITPOINT WARNING * * *
Fire: 5 bolts
Press: ? - help, Shift-Dir - straight line, f/p - orc priest
Aim: an orc priest, wielding a +0 short sword, wearing a +0 leather armour and carrying a wand of polymorph (4) (severely wounded, 65% to hit)
You shoot a bolt. The bolt closely misses the orc priest.
The orc priest mumbles some strange prayers to Beogh against you.
Pain shoots through your body!
* * * LOW HITPOINT WARNING * * *
Fire: 4 bolts
Press: ? - help, Shift-Dir - straight line, f/p - orc priest
Aim: an orc priest, wielding a +0 short sword, wearing a +0 leather armour and carrying a wand of polymorph (4) (severely wounded, 65% to hit)
You shoot a bolt. The bolt barely misses the orc priest.
The orc priest begins to cast a cantrip, but forgets the words!
Unknown command.
Fire: 3 bolts
Press: ? - help, Shift-Dir - straight line, f/p - orc priest
Aim: an orc priest, wielding a +0 short sword, wearing a +0 leather armour and carrying a wand of polymorph (4) (severely wounded, 65% to hit)
You shoot a bolt. The bolt barely misses the orc priest.
The orc priest zaps a wand.
You turn into a filthy swine.
Your +1 hand crossbow melds into your body.
The orc priest looks satisfied for a moment.
You closely miss the orc priest.
The orc priest is severely wounded.
The orc priest barely misses you.
You barely miss the orc priest.
The orc priest is severely wounded.
The orc priest hits you with a +0 short sword.
You die...

#.# #.# #.# #.#
#†# #.# ##.##
###.#.## #.
###.o###h#
#...###)....#o##
........###.(#
......#.# #(##
......#.###.# #
..... #.....#
#.......#.#####
#.......#.#
#.......#.#


You could see an orc priest.

Vanquished Creatures
  An orc priest (D:2)
  An adder (D:2)
  3 orcs (D:2)
  4 endoplasms (D:1)
  2 giant cockroaches (D:1)
  4 jackals (D:1)
  3 quokkas
  A ball python (D:1)
  A bat (D:1)
  2 frilled lizards
  A goblin (D:1)
  2 kobolds (D:1)
  2 rats (D:1)
27 creatures vanquished.

Notes
Turn   | Place    | Note
-------+----------+-------------------------------------------
     0 | D:1      | cheechan the Octopode Hunter began the quest for the Orb.
     0 | D:1      | Reached XP level 1. HP: 14/14 MP: 1/1
    97 | D:1      | Found Yckod's Antique Weapon Shoppe.
   438 | D:1      | Reached XP level 2. HP: 19/19 MP: 2/2
  1053 | D:2      | Reached XP level 3. HP: 14/24 MP: 3/3
  1144 | D:2      | Reached skill level 5 in Crossbows
  1144 | D:2      | Reached XP level 4. HP: 12/30 MP: 4/4
  1383 | D:2      | Slain by an orc priest

Illustrated notes

Levels and vault maps discovered:
D:1:      matt_arrival_los_fun, layout_basic, serial_shops, nicolae_shop_crystal
D:2:      cheibrodos_pilgrimage, layout_loops_ring, uniq_crazy_yiuf_cottage

Skill      XL: |  1  2  3 |
---------------+----------+-----
Crossbows      | 5 |  5.3
Fighting       | |  2.4
Dodging        | |  2.0
Stealth        | |  1.8

Action                   |  1- 3 |  4- 6 || total
-------------------------+-------+-------++-------
Melee: Hand crossbow     |     8 |     4 ||    12
       Constrict         |     2 |     1 ||     3
       Tentacles         |     1 |     1 ||     2
       Unarmed           |       |     2 ||     2
 Fire: Hand crossbow     |    55 |    14 ||    69
Armor: Skin              |     2 |       ||     2
Dodge: Dodged            |    25 |     2 ||    27

Table legend: (Time is in decaauts)
 A = Elapsed time spent in this place.
 B = Non-inter-level travel time spent in this place.
 C = Inter-level travel time spent in this place.
 D = Time resting spent in this place.
 E = Time spent auto-exploring this place.
 F = Levels seen in this place.
 G = Mean time per level.
                   A        B        C        D        E       F      G
               +--------+--------+--------+--------+--------+-----+--------+
         Total |   1407 |   1407 |      0 |    271 |      0 |   2 |  703.5 |
       Dungeon |   1407 |   1407 |      0 |    271 |      0 |   2 |  703.5 |
               +--------+--------+--------+--------+--------+-----+--------+

Top non-repeatable levels by time:
     D:1: 989 daAuts
     D:2: 417 daAuts
